 Dungeon Crawl Stone Soup version 0.21-a0-273-g0785366 (webtiles) character file.

510 Lavandula the Ruffian (level 7, -4/55 HPs)
             Began as a Ghoul Warper on Sept 16, 2017.
             Slain by a wyvern skeleton (12 damage)
             ... on level 6 of the Dungeon.
             The game lasted 00:11:58 (2281 turns).

Lavandula the Ruffian (Ghoul Warper)                Turns: 2281, Time: 00:11:59

Health: -4/55      AC:  5    Str: 16    XL:     7   Next: 19%
Magic:  7/8        EV: 11    Int: 14    God:
Gold:   182        SH:  0    Dex:  8    Spells: 5/9 levels left

rFire    . . .     SeeInvis +     - Unarmed
rCold    + . .     Gourm    .   (no shield)
rNeg     + + +     Faith    .   m - +0 ring mail
rPois    ∞         Spirit   .   (no helmet)
rElec    .         Reflect  .   (no cloak)
rCorr    .         Harm     .   (no gloves)
MR       .....                  (no boots)
Stlth    ..........             (no amulet)
HPRegen  0.00/turn              e - ring of see invisible
MPRegen  0.11/turn              (no ring)

@: brilliant, very slightly contaminated, rotting
A: rotting body, claws 1, carnivore 3, cold resistance 1, negative energy
resistance 3, inhibited regeneration, torment resistance, unbreathing
a: no special abilities


You were on level 6 of the Dungeon.
You were not hungry.

You visited 1 branch of the dungeon, and saw 6 of its levels.
You also visited: Sewer.

You collected 182 gold pieces.

Inventory:

Missiles
 d - 5 tomahawks of dispersal (quivered)
 l - 5 tomahawks
 q - 2 silver javelins
Armour
 a - a +0 leather armour
 m - a +0 ring mail (worn)
Jewellery
 e - a ring of see invisible (left claw)
Wands
 g - a wand of digging (17/24)
 o - a wand of flame (29/48)
Scrolls
 c - a scroll of blinking
 k - 3 scrolls of remove curse
 p - 2 scrolls of enchant weapon
 r - a scroll of immolation {unknown}
 u - a scroll of teleportation {unknown}
 v - 2 scrolls of recharging {unknown}
 x - a scroll of magic mapping
Potions
 h - a potion of cancellation {unknown}
 j - a potion of brilliance
 s - a potion of haste
 w - a potion of might {unknown}
Books
 b - a book of Spatial Translocations

   Spells                             Type                      Level
   a - Blink                          Translocation                2
   b - Shroud of Golubria             Charms/Translocation         2
   c - Lesser Beckoning               Translocation                3
   d - Gell's Gravitas                Translocation                3
   e - Teleport Other                 Translocation                3
   f - Passage of Golubria            Translocation                4
Comestibles
 f - a meat ration
 n - 2 royal jellies


   Skills:
 - Level 2.2 Fighting
 - Level 0.8 Throwing
 - Level 0.8 Armour
 + Level 3.7 Dodging
 - Level 7.1 Unarmed Combat
 - Level 1.9 Spellcasting
 - Level 2.6 Translocations


You had 5 spell levels left.
You knew the following spells:

 Your Spells              Type           Power        Failure   Level  Hunger
a - Blink                 Tloc           N/A          2%          2    ###....
b - Shroud of Golubria    Chrm/Tloc      ##........   4%          2    ###....


Dungeon Overview and Level Annotations

Branches:
Dungeon (6/15)
 Temple: D:4-7

Altars:
Zin


Innate Abilities, Weirdness & Mutations

Your body is rotting away.
You thrive on raw meat.
You are immune to poison.
You have sharp fingernails.
You are carnivorous and can eat meat at any time.
Your flesh is cold resistant. (rC+)
You are immune to negative energy. (rN+++)
You do not regenerate when monsters are visible.
You are immune to unholy pain and torment.
You can survive without breathing.


Message History

Okay, then.
Okay, then.
Okay, then.
Evoke which item? (* to show all) (? for menu, Esc to quit)
Okay, then.
Casting: Blink
Confirm with . or Enter, or press ? or * to list all spells.
You miscast Shroud of Golubria.
You feel uncomfortable.
Okay, then.
Magic courses through your body.
Casting: Shroud of Golubria
Confirm with . or Enter, or press ? or * to list all spells.
Space distorts slightly along a thin shroud covering your body.
It was a potion of brilliance.
You feel clever all of a sudden. The wyvern skeleton bites you.
* * * LOW HITPOINT WARNING * * *
Your shroud falls apart!
The wyvern skeleton bites you!
You die...

...######.##.#
#............# .#..#
#######.###### .#..##.#
#.# .#...... #.# .....F:
#.# .. ...# #.########
.#..#c##
#........########.#.....#
########..@ZZF.l.#...#
##########)# #.# #.# #)#
#.# #.# #.# #.#


You could see a bullfrog, a leopard gecko, a wyvern skeleton and a centaur
skeleton.

Vanquished Creatures
  A centaur (D:6)
  2 big kobolds (Sewer)
  A crimson imp (D:5)
  An orc priest (D:3)
  2 iguanas (D:5)
  A hound skeleton (D:4)
  A gnoll (D:5)
  7 adders
  2 river rats (Sewer)
  5 oozes
  4 worms (Sewer)
  A leopard gecko (D:3)
  4 orcs (D:3)
  6 giant cockroaches
  A hobgoblin (D:1)
  4 jackals (D:4)
  4 kobolds (Sewer)
  A quokka (D:4)
  3 ball pythons (Sewer)
  A bat (D:1)
  3 goblins (D:3)
  8 rats
63 creatures vanquished.

Notes
Turn   | Place    | Note
-------+----------+-------------------------------------------
     0 | D:1      | Lavandula the Ghoul Warper began the quest for the Orb.
     0 | D:1      | Reached XP level 1. HP: 17/17 MP: 2/2
   458 | D:3      | Reached XP level 2. HP: 24/24 MP: 3/3
   463 | D:3      | Reached skill level 3 in Unarmed Combat
   605 | D:3      | Reached XP level 3. HP: 14/29 MP: 4/4
   701 | D:3      | Reached skill level 4 in Unarmed Combat
   736 | D:3      | Reached XP level 4. HP: 23/36 MP: 5/5
   959 | D:4      | Reached skill level 5 in Unarmed Combat
  1032 | D:4      | Found a glowing drain.
  1041 | D:4      | Learned a level 2 spell: Blink
  1044 | D:4      | Learned a level 2 spell: Shroud of Golubria
  1045 | Sewer    | Entered a sewer
  1097 | Sewer    | Reached XP level 5. HP: 40/40 MP: 3/6
  1143 | Sewer    | Noticed a big kobold
  1157 | Sewer    | Killed a big kobold
  1157 | Sewer    | Reached skill level 6 in Unarmed Combat
  1247 | Sewer    | Reached XP level 6. HP: 28/48 MP: 5/7
  1342 | Sewer    | Reached skill level 7 in Unarmed Combat
  1569 | D:5      | Entered Level 5 of the Dungeon
  1598 | D:5      | Noticed an angel
  1600 | D:5      | Found a glowing silver altar of Zin.
  1811 | D:5      | Noticed an ice beast
  2217 | D:5      | Reached XP level 7. HP: 35/55 MP: 6/8
  2281 | D:6      | Slain by a wyvern skeleton

Vault maps used:
D:1:      dpeg_arrival_orchard
D:2:      minmay_misc_feat_alley, minmay_pentomino_v2
D:3:      st_stairs_10
D:4:      nicolae_tso_swordbearing_angel, portal_sewer_entry_e, uniq_pikel
D:5:      grunt_temple_overflow_order_and_chaos_1, kennysheep_little_box,
          ashenzari_altar_1, first_bread
D:6:      uniq_grinder, uniq_eustachio, uniq_crazy_yiuf_cottage
Sewer:    sewer_co_15_rooms

Skill      XL: |  1  2  3  4  5  6 |
---------------+-------------------+-----
Unarmed Combat | 3 4 5 6 7 |  7.1
Dodging        | 3 |  3.7
Fighting       | |  2.2
Throwing       | |  0.8
Armour         | |  0.8
Spellcasting   | |  1.9
Translocations | |  2.6

Action                   |  1- 3 |  4- 6 |  7- 9 || total
-------------------------+-------+-------+-------++-------
Melee: Unarmed           |   104 |   190 |     9 ||   303
 Cast: Shroud of Golubri |       |     9 |     2 ||    11
       Blink             |       |     8 |     1 ||     9
  Use: Scroll            |       |     6 |       ||     6
       Potion            |       |     4 |     2 ||     6
  Eat: Chunk             |    17 |    20 |     1 ||    38
Armor: Leather armour    |    31 |     1 |       ||    32
       Ring mail         |       |    38 |     1 ||    39
Dodge: Dodged            |    60 |    81 |     5 ||   146

Table legend:
 A = Spawn XP
 B = Non-spawn XP
 C = Spawn XP percentage of total XP
 D = Spawn monster count
 E = Non-spawn monster count
 F = Spawn count percentage of total count
 G = Total turns spent on level
                    A         B        C        D         E        F      G
               +---------+---------+-------+---------+---------+-------+---------
         Total |       0 |     729 |   0.0 |       0 |      63 |   0.0 |  2281
               +---------+---------+-------+---------+---------+-------+---------
           D:1 |       0 |       9 |   0.0 |       0 |       6 |   0.0 |   378
           D:2 |       0 |      14 |   0.0 |       0 |       2 |   0.0 |    74
           D:3 |       0 |      94 |   0.0 |       0 |      15 |   0.0 |   477
           D:4 |       0 |      52 |   0.0 |       0 |      10 |   0.0 |   597
           D:5 |       0 |     135 |   0.0 |       0 |       4 |   0.0 |   318
           D:6 |       0 |     108 |   0.0 |       0 |       1 |   0.0 |    52
         Sewer |       0 |     317 |   0.0 |       0 |      25 |   0.0 |   385
               +---------+---------+-------+---------+---------+-------+---------
